 Dungeon Crawl Stone Soup version 0.29.1-15-g9cfb28693d (webtiles) character file.

Game seed: 2816161165417731861

2 Alturiack the Grave Robber (level 1, -1/14 HPs)
             Began as a Hill Orc Necromancer on Apr 12, 2023.
             Succumbed to a goblin's poison
             ... on level 1 of the Dungeon.
             The game lasted 00:00:34 (89 turns).

Alturiack the Grave Robber (Hill Orc Necromancer)     Turns: 89, Time: 00:00:34

Health: -1/14      AC:  2    Str: 10    XL:     1   Next: 40%
Magic:  3/3        EV: 12    Int: 15    God:
Gold:   0          SH:  0    Dex: 11    Spells: 2/3 levels left

rFire   . . .      SeeInvis .   (no weapon)
rCold   . . .      Faith    .   (no shield)
rNeg    . . .      Spirit   .   a - +0 robe
rPois   .          Reflect  .   (no helmet)
rElec   .          Harm     .   (no cloak)
rCorr   .          Rampage  .   (no gloves)
Will    .....                   (no boots)
Stlth   ++........              (no amulet)
HPRegen 0.04/turn               (no ring)
MPRegen 0.08/turn               (no ring)

@: lethally poisoned (-1 -> -15)
A: no striking features
a: no special abilities


You were on level 1 of the Dungeon.
You visited 1 branch of the dungeon, and saw 1 of its levels.

Inventory:

Armour
 a - a +0 robe (worn)
Potions
 b - a potion of magic


   Skills:
 + Level 0.2 Fighting
 + Level 0.2 Armour
 - Level 1.5 Dodging
 - Level 1.5 Stealth
 + Level 1.6 Spellcasting
 + Level 4.0 Necromancy


You had 2 spell levels left.
You knew the following spells:

 Your Spells              Type           Power      Damage    Failure   Level
a - Necrotise             Necr           52%        1d6       4%          1

Your spell library contained the following spells:

 Spells                   Type           Power      Damage    Failure   Level
 Vampiric Draining        Necr           13%        2d6       13%         3
 Animate Dead             Necr           13%        N/A       41%         4
 Agony                    Necr           13%        N/A       77%         5


Dungeon Overview and Level Annotations

Branches:
Dungeon (1/15)

Altars:


Message History

The giant cockroach bites you but does no damage.
You hit the giant cockroach but do no damage.
The giant cockroach is almost dead.
The giant cockroach closely misses you.
Your hobgoblin skeleton hits the giant cockroach.
The giant cockroach dies!
Magic restored.
Your hobgoblin skeleton crumbles into dust!
HP restored.
A hobgoblin comes into view.
The hobgoblin shouts!
A hobgoblin is nearby!
A goblin comes into view. It is wielding a +1 dagger of venom.
A hobgoblin comes into view.
Found a yellow potion.
The hobgoblin shouts!
Casting: Necrotise (safe; 4% risk of failure)
Confirm with . or Enter, or press ? or * to list all spells.
Aiming: Necrotise (safe; 4% risk of failure)
Press: ? - help, Shift-Dir - straight line, f - hobgoblin
Aim: a hobgoblin (chance to affect: 83%)
The hobgoblin writhes in agony.
The goblin shouts!
A frilled lizard comes into view.
You see here a giant cockroach corpse.
The hobgoblin barely misses you.
A hobgoblin breaks down the door.
The hobgoblin hits you.
The goblin hits you with a +1 dagger of venom.
You are lethally poisoned!
* * * LOW HITPOINT WARNING * * *
You feel sick. The hobgoblin attacks as you move away!
The hobgoblin misses you.
* * * LOW HITPOINT WARNING * * *
You feel sick.
* * * LOW HITPOINT WARNING * * *
You feel sick. The goblin attacks as you move away!
The goblin hits you but does no damage.
You are more poisoned.
You die...

###..##...l .......... .........
###........ # #...'##.. .
#≈#....##.# ....#.....##.#
........†..#.#####.#
.........#.ggg.@...# #.####..
.........##..#.##########.......
..§............# #~~~≈≈≈≈~~~#
.≈§§§≈≈........# #~8~~≈≈~~8~#
≈≈####§§§......# #~~8~~~~8~~. ≈
##≈§.....## #≈~~####~~≈.
#§§....## #≈≈~#..'~≈≈. #§§...#≈
#≈§~#<.'~≈≈. #≈.....#
#≈~~####~~≈.


You could see 2 hobgoblins and a goblin.

Vanquished Creatures
  A hobgoblin (D:1)
1 creature vanquished.

Vanquished Creatures (collateral kills)
  A giant cockroach (D:1)
1 creature vanquished.

Grand Total: 2 creatures vanquished

Notes
Turn   | Place    | Note
-------+----------+-------------------------------------------
     0 | D:1      | Alturiack the Hill Orc Necromancer began the quest for the
                  | Orb.
     0 | D:1      | Reached XP level 1. HP: 14/14 MP: 3/3
    89 | D:1      | Succumbed to a goblin's poison

Illustrated notes

Levels and vault maps discovered:
D:1:      lightli_arrival_boilingwater, layout_basic,
          kennysheep_decorative_pillar

Action                   || total
-------------------------++-------
Melee: Unarmed           ||     8
 Cast: Necrotise         ||     4
Armor: Robe              ||     6
Dodge: Dodged            ||    13
